[Event "IMSA Blitz Women 2019"]
[Site "Hengshui"]
[Date "2019.05.17"]
[Round "3.2"]
[White "Koneru, Humpy"]
[Black "Kosteniuk, Alexandra"]
[Result "1-0"]
[ECO "D37"]
[WhiteElo "2553"]
[BlackElo "2546"]
[Annotator "ChessBase"]
[PlyCount "125"]
[EventDate "2019.05.17"]
[EventType "blitz"]
[EventCountry "CHN"]
[SourceTitle "playchess.com"]
[Source "ChessBase"]
[SourceQuality "1"]
[TimeControl "180+2"]

1. d4 Nf6 2. c4 e6 3. Nf3 d5 4. Nc3 dxc4 5. e4 b5 6. e5 Nd5 7. Nxb5 Nb6 8. Be2 Be7 9. O-O O-O 10. Be3 Nc6 11. Rc1 Ba6 12. Nc3 Nb4 13. b3 N4d5 14. Bd2 Ba3 15. Rb1 Nxc3 16. Bxc3 Be7 17. Nd2 Qd5 18. Bf3 Qd7 19. Bxa8 cxb3 20. Bf3 Bxf1 21. Qxf1 bxa2 22. Ra1 Na4 23. Qc4 Rb8 24. Rxa2 Nxc3 25. Qxc3 Bb4 26. Qc1 a5 27. h3 h6 28. Qc4 c5 29. Nb3 cxd4 30. Nxd4 Rc8 31. Nc6 g6 32. Qe4 Kg7 33. Nxb4 Rc1+ 34. Kh2 axb4 35. Qxb4 Qc7 36. Qf4 Rc4 37. Qe3 Rc5 38. Re2 Rc3 39. Qf4 Rc4 40. Qf6+ Kh7 41. g3 Rc1 42. Rd2 Qa7 43. Kg2 Rc8 44. Rd8 Rxd8 45. Qxd8 Qc5 46. Qf6 Qc7 47. h4 h5 48. Be4 Qd7 49. Qg5 Kg7 50. Qf6+ Kh7 51. g4 hxg4 52. h5 Qe8 53. hxg6+ fxg6 54. Qh4+ Kg7 55. Qxg4 Qf7 56. Qg5 Kh7 57. Kg3 Qg7 58. Qh4+ Kg8 59. Qd8+ Kh7 60. Qf6 Qg8 61. Kg4 Kh6 62. Qg5+ Kh7 63. Qh5+ 1-0

[Event "IMSA Blitz Women 2019"]
[Site "Hengshui"]
[Date "2019.05.17"]
[Round "3.2"]
[White "Lei, Tingjie"]
[Black "Stefanova, Antoaneta"]
[Result "1-0"]
[ECO "C60"]
[WhiteElo "2507"]
[BlackElo "2470"]
[Annotator "RC"]
[PlyCount "89"]
[EventDate "2019.05.17"]
[EventType "blitz"]
[EventCountry "CHN"]
[SourceTitle "playchess.com"]
[Source "ChessBase"]
[SourceQuality "1"]
[TimeControl "180+2"]

1. e4 e5 2. Nf3 Nc6 3. Bb5 g6 4. c3 a6 5. Bxc6 dxc6 6. d4 exd4 7. cxd4 Bg7 8. h3 Ne7 9. Nc3 h6 10. Be3 g5 11. Qd2 Qd6 12. O-O-O Be6 13. Kb1 O-O-O 14. Qc2 g4 15. hxg4 Bxg4 16. Na4 Kb8 17. Nc5 Nc8 18. Rd3 Nb6 19. Nd2 Be6 20. Rd1 Qe7 21. Ndb3 Bxb3 22. Rxb3 h5 23. a4 a5 24. Qc3 h4 25. Qxa5 Rh5 26. Rc1 Bxd4 27. Bxd4 Rxd4 28. Na6+ bxa6 29. Rxb6+ cxb6 30. Qxb6+ Qb7 31. Qxd4 Rh6 32. Rc3 Rg6 33. Ka2 Qc7 34. Rb3+ Kc8 35. Qh8+ Kd7 36. Rd3+ Ke7 37. Qxh4+ Ke6 38. Qh3+ Ke7 39. Qh4+ Ke6 40. f4 Qa5 41. f5+ Ke5 42. Qe7+ Kf4 43. fxg6 Qxa4+ 44. Qa3 Qc4+ 45. Qb3 1-0

[Event "IMSA Blitz Women 2019"]
[Site "Hengshui"]
[Date "2019.05.17"]
[Round "3.2"]
[White "Zhao, Xue"]
[Black "Gunina, Valentina"]
[Result "0-1"]
[ECO "A15"]
[WhiteElo "2485"]
[BlackElo "2506"]
[Annotator "ChessBase"]
[PlyCount "76"]
[EventDate "2019.05.17"]
[EventType "blitz"]
[EventCountry "CHN"]
[SourceTitle "playchess.com"]
[Source "ChessBase"]
[SourceQuality "1"]
[TimeControl "180+2"]

1. c4 Nf6 2. Nf3 c5 3. g3 Nc6 4. Bg2 g6 5. b3 Bg7 6. Bb2 O-O 7. O-O b6 8. d4 cxd4 9. Nxd4 Bb7 10. Nc3 Rc8 11. Rc1 d6 12. Nc2 Qd7 13. Ne3 Ne5 14. f3 a6 15. Qd2 b5 16. Ncd5 Nxd5 17. Nxd5 Bxd5 18. cxd5 Qa7+ 19. e3 a5 20. Bd4 Qa8 21. Qb2 Nd3 22. Rxc8 Rxc8 23. Qa1 Bxd4 24. Qxd4 Nb4 25. f4 Nxa2 26. Ra1 Nc3 27. Bf3 a4 28. bxa4 bxa4 29. h4 a3 30. h5 f6 31. hxg6 hxg6 32. Kg2 Qb7 33. Bg4 Qb2+ 34. Kh3 Ra8 35. Be6+ Kg7 36. Rg1 Ne2 37. Qxb2 axb2 38. Rb1 Rb8 0-1

[Event "IMSA Blitz Women 2019"]
[Site "Hengshui"]
[Date "2019.05.17"]
[Round "3.2"]
[White "Khotenashvili, Bela"]
[Black "Bodnaruk, Anastasia"]
[Result "1-0"]
[ECO "A45"]
[WhiteElo "2476"]
[BlackElo "2431"]
[Annotator "RC"]
[PlyCount "161"]
[EventDate "2019.05.17"]
[EventType "blitz"]
[EventCountry "CHN"]
[SourceTitle "playchess.com"]
[Source "ChessBase"]
[SourceQuality "1"]
[TimeControl "180+2"]

1. d4 Nf6 2. Nc3 d5 3. Bf4 g6 4. e3 Bg7 5. h4 h5 6. Nb5 Na6 7. Be2 O-O 8. Nf3 Ne4 9. Ng5 Nxg5 10. hxg5 f6 11. Bxh5 Qe8 12. Be2 e5 13. Bg3 c6 14. Nd6 Qe7 15. Nxc8 Raxc8 16. gxf6 Bxf6 17. Bxa6 bxa6 18. Qg4 Kg7 19. O-O-O e4 20. Bf4 Rh8 21. c3 a5 22. Rh3 Rxh3 23. gxh3 Rh8 24. Rg1 Qf7 25. Qg3 Qe8 26. Bg5 Bxg5 27. Qxg5 Rxh3 28. Rg3 Rh1+ 29. Kc2 Rh2 30. Rg2 Rxg2 31. Qxg2 c5 32. b3 cxd4 33. exd4 a4 34. Qg5 axb3+ 35. axb3 Qe6 36. Qf4 a5 37. Qc7+ Qf7 38. Qe5+ Kh6 39. Qh2+ Kg7 40. Qe5+ Kh6 41. Qh2+ Kg7 42. b4 axb4 43. cxb4 Qb7 44. Kb3 Qb5 45. Qe5+ Kf7 46. Qf4+ Kg7 47. Qc7+ Kh6 48. Qc1+ g5 49. Qc3 Qf1 50. Qc6+ Kh5 51. Qxd5 Qd3+ 52. Ka4 Qc2+ 53. Ka5 Kg4 54. b5 Kf3 55. Qf5+ Ke2 56. d5 Qa2+ 57. Kb6 Qc4 58. Qxg5 Kxf2 59. d6 e3 60. Qc5 Qe6 61. Kc7 Kf1 62. Qc1+ Kf2 63. Qb2+ e2 64. d7 Qe7 65. Kc8 Qe6 66. Kc7 Qe7 67. b6 Kf1 68. Qb5 Kf2 69. Qf5+ Kg1 70. Qg4+ Kf2 71. Qf4+ Kg2 72. Qd2 Kf1 73. Qd3 Kf2 74. Qd2 Kf1 75. b7 Qc5+ 76. Kb8 Qe5+ 77. Ka8 Qh8+ 78. d8=Q Qxd8+ 79. Qxd8 e1=Q 80. b8=Q Qa1+ 81. Qa7 1-0

[Event "IMSA Blitz Women 2019"]
[Site "Hengshui"]
[Date "2019.05.17"]
[Round "4.1"]
[White "Muzychuk, Mariya"]
[Black "Khotenashvili, Bela"]
[Result "0-1"]
[ECO "B15"]
[WhiteElo "2563"]
[BlackElo "2476"]
[Annotator "ChessBase"]
[PlyCount "180"]
[EventDate "2019.05.17"]
[EventType "blitz"]
[EventCountry "CHN"]
[SourceTitle "playchess.com"]
[Source "ChessBase"]
[SourceQuality "1"]
[TimeControl "180+2"]

1. e4 c6 2. d4 d5 3. Nc3 dxe4 4. Nxe4 Nf6 5. Nxf6+ exf6 6. c3 Bd6 7. Nf3 O-O 8. Be2 Re8 9. O-O Nd7 10. h3 Nf8 11. Re1 Ng6 12. Bc4 Rxe1+ 13. Qxe1 Bf5 14. Be3 Qd7 15. Bf1 Nf4 16. Qd2 Nd5 17. Re1 Re8 18. Bd3 h6 19. a3 b5 20. Qc2 Bxd3 21. Qxd3 a5 22. Kf1 Nb6 23. Nd2 Qe6 24. Qb1 Nc4 25. Nxc4 Qxc4+ 26. Kg1 a4 27. Bd2 Re6 28. g3 h5 29. Rxe6 Qxe6 30. Kg2 Qb3 31. Qf5 Qxb2 32. Qc8+ Bf8 33. Bf4 Qb3 34. Qxc6 Bxa3 35. d5 Qc4 36. Qxc4 bxc4 37. d6 Kf8 38. Kf3 Bb2 39. Ke4 a3 40. Kd5 a2 41. d7 Ke7 42. Kc6 a1=Q 43. Bd6+ Ke6 44. d8=Q Qa4+ 45. Kb6 Bxc3 46. Kc5 Bb4+ 47. Kd4 Bxd6 48. Qc8+ Ke7 49. Qb7+ Qd7 50. Qe4+ Be5+ 51. Kxc4 Qc7+ 52. Kd3 Qc3+ 53. Ke2 Qb3 54. f4 Qb2+ 55. Kf3 Qc3+ 56. Kg2 Qd2+ 57. Kf3 Qc3+ 58. Kg2 Qd4 59. Qb7+ Qd7 60. Qe4 Qd4 61. Qb7+ Ke6 62. Qc8+ Ke7 63. fxe5 fxe5 64. Qc7+ Kf6 65. Qc6+ Kf5 66. Qf3+ Kg6 67. Qc6+ Kh7 68. Qb7 Qc4 69. Qd7 Qc2+ 70. Kg1 Qc5+ 71. Kg2 f6 72. Qf7 Qc2+ 73. Kg1 Qg6 74. Qb3 Qf5 75. Kg2 Qe4+ 76. Kf2 Qd4+ 77. Kg2 e4 78. Qf7 Qd2+ 79. Kg1 Qg5 80. Kf2 Qf5+ 81. Kg2 Qf3+ 82. Kh2 Qf2+ 83. Kh1 Qf3+ 84. Kh2 e3 85. g4 Qf4+ 86. Kg2 Qe4+ 87. Kf1 Qf3+ 88. Kg1 Qg3+ 89. Kh1 Qxh3+ 90. Kg1 Qxg4+ 0-1

[Event "IMSA Blitz Women 2019"]
[Site "Hengshui"]
[Date "2019.05.17"]
[Round "4.1"]
[White "Lei, Tingjie"]
[Black "Kosteniuk, Alexandra"]
[Result "1-0"]
[ECO "E04"]
[WhiteElo "2507"]
[BlackElo "2546"]
[Annotator "ChessBase"]
[PlyCount "63"]
[EventDate "2019.05.17"]
[EventType "blitz"]
[EventCountry "CHN"]
[SourceTitle "playchess.com"]
[Source "ChessBase"]
[SourceQuality "1"]
[TimeControl "180+2"]

1. d4 Nf6 2. c4 e6 3. g3 d5 4. Bg2 dxc4 5. Nf3 Nc6 6. O-O Rb8 7. a4 a6 8. Nc3 Be7 9. e4 O-O 10. e5 Nd5 11. h4 Ncb4 12. Qe2 Nd3 13. Bg5 h6 14. Bxe7 Qxe7 15. Ne4 b5 16. axb5 axb5 17. b3 Bb7 18. bxc4 bxc4 19. Nfd2 Nb6 20. Nxc4 Nxc4 21. Qxd3 Bd5 22. Rfc1 Nb6 23. Ra7 Rfc8 24. Nd6 Bxg2 25. Kxg2 Nd5 26. Nxc8 Rxc8 27. Rb1 Qd8 28. Rc1 c5 29. Qf3 f5 30. exf6 Nxf6 31. Rxc5 Rxc5 32. dxc5 1-0

[Event "IMSA Blitz Women 2019"]
[Site "Hengshui"]
[Date "2019.05.17"]
[Round "4.1"]
[White "Gunina, Valentina"]
[Black "Harika, Dronavalli"]
[Result "1/2-1/2"]
[ECO "C07"]
[WhiteElo "2506"]
[BlackElo "2492"]
[Annotator "RC"]
[PlyCount "138"]
[EventDate "2019.05.17"]
[EventType "blitz"]
[EventCountry "CHN"]
[SourceTitle "playchess.com"]
[Source "ChessBase"]
[SourceQuality "1"]
[TimeControl "180+2"]

1. e4 e6 2. d4 d5 3. Nd2 c5 4. Ngf3 cxd4 5. exd5 Qxd5 6. Bc4 Qd8 7. O-O Nc6 8. Nb3 a6 9. Nbxd4 Nxd4 10. Nxd4 Qc7 11. Qe2 Bd6 12. h3 Ne7 13. c3 O-O 14. Be3 Ng6 15. Bb3 e5 16. Nf3 Bf5 17. Rad1 Rad8 18. Qc4 h6 19. Rfe1 Qxc4 20. Bxc4 Bc7 21. Bd5 b6 22. Bb7 a5 23. Bc6 Ne7 24. Bb5 Be6 25. c4 Nf5 26. Bc1 f6 27. b3 Rxd1 28. Rxd1 Rd8 29. Rxd8+ Bxd8 30. g4 Nd6 31. Bc6 Kf7 32. Ba3 Be7 33. Nd2 Nc8 34. Bb2 Bb4 35. Ne4 Nd6 36. a3 Nxe4 37. axb4 Nd2 38. bxa5 bxa5 39. Ba4 Ne4 40. Ba3 h5 41. f3 Nd2 42. Kf2 e4 43. fxe4 Nxe4+ 44. Kf3 Ng5+ 45. Kg3 hxg4 46. hxg4 Ne4+ 47. Kf4 Nf2 48. Bd6 Nxg4 49. Bc7 g5+ 50. Kf3 Ne5+ 51. Ke4 Nxc4 52. bxc4 Bxc4 53. Bxa5 Be6 54. Kd4 Ba2 55. Bd1 Be6 56. Kc5 Kg6 57. Bc3 f5 58. Kd6 Bc8 59. Bc2 g4 60. Be5 Kg5 61. Kc5 f4 62. Kd4 Bf5 63. Bd1 g3 64. Bf3 Bg4 65. Bb7 Bf5 66. Bc7 Kg4 67. Bg2 f3 68. Bxf3+ Kxf3 69. Bxg3 Kxg3 {[%emt 0:00:01] Ke4} 1/2-1/2

[Event "IMSA Blitz Women 2019"]
[Site "Hengshui"]
[Date "2019.05.17"]
[Round "4.1"]
[White "Stefanova, Antoaneta"]
[Black "Dzagnidze, Nana"]
[Result "1/2-1/2"]
[ECO "D00"]
[WhiteElo "2470"]
[BlackElo "2510"]
[Annotator "ChessBase"]
[PlyCount "78"]
[EventDate "2019.05.17"]
[EventType "blitz"]
[EventCountry "CHN"]
[SourceTitle "playchess.com"]
[Source "ChessBase"]
[SourceQuality "1"]
[TimeControl "180+2"]

1. d4 d5 2. Bf4 Nf6 3. e3 b6 4. Nd2 Bb7 5. Bd3 e6 6. Ngf3 Bd6 7. O-O Bxf4 8. exf4 O-O 9. Ne5 c5 10. c3 Ba6 11. Bxa6 Nxa6 12. Qf3 Rc8 13. Qd3 Nb8 14. f5 exf5 15. Qxf5 cxd4 16. cxd4 Nc6 17. Ndf3 Ne7 18. Qd3 Qc7 19. h3 Ng6 20. Nxg6 hxg6 21. Rfe1 Qc2 22. Qb3 Ne4 23. Rf1 Qxb3 24. axb3 a5 25. b4 axb4 26. Ra4 Rc4 27. b3 b5 28. Ra5 Rc3 29. Rxb5 Rxb3 30. Rxd5 Rb2 31. Rb5 Rd8 32. Rb7 f6 33. Re1 Nd6 34. Rb6 Nf5 35. Rd1 b3 36. Rd3 g5 37. Rdxb3 Rxb3 38. Rxb3 Nxd4 39. Nxd4 Rxd4 1/2-1/2

[Event "IMSA Blitz Women 2019"]
[Site "Hengshui"]
[Date "2019.05.17"]
[Round "4.1"]
[White "Abdumalik, Zhansaya"]
[Black "Ushenina, Anna"]
[Result "0-1"]
[ECO "B12"]
[WhiteElo "2464"]
[BlackElo "2442"]
[Annotator "RC"]
[PlyCount "154"]
[EventDate "2019.05.17"]
[EventType "blitz"]
[EventCountry "CHN"]
[SourceTitle "playchess.com"]
[Source "ChessBase"]
[SourceQuality "1"]
[TimeControl "180+2"]

1. e4 c6 2. d4 d5 3. e5 c5 4. dxc5 e6 5. a3 Bxc5 6. b4 Be7 7. Bb2 a5 8. b5 Nh6 9. Bd3 Nd7 10. Nf3 f6 11. O-O Nf7 12. exf6 Bxf6 13. Nc3 Nc5 14. Re1 O-O 15. Rb1 Qd6 16. Bf1 a4 17. g3 Bd7 18. Bg2 Rac8 19. Nd2 b6 20. Qe2 Nb7 21. Nxa4 Bxb2 22. Nxb2 Rxc2 23. Qd3 Rfc8 24. Na4 R2c7 25. Qe3 Nc5 26. Nxc5 Qxc5 27. a4 Qxe3 28. Rxe3 Ra8 29. Ra3 Nd6 30. Bf1 Rca7 31. Rb4 Nb7 32. Nb3 Kf7 33. f4 Ke7 34. Kf2 Kd6 35. Ke3 Nc5 36. Nxc5 bxc5 37. Rb1 Rxa4 38. Rxa4 Rxa4 39. b6 Ra3+ 40. Kd2 Ra8 41. Bd3 g6 42. Kc3 Rb8 43. h4 Be8 44. g4 e5 45. fxe5+ Kxe5 46. g5 Kd6 47. Ba6 Bf7 48. b7 d4+ 49. Kd3 Bd5 50. Rb6+ Kc7 51. Rf6 Bxb7 52. Rf7+ Kb6 53. Bc4 Ra8 54. Rxh7 Ra3+ 55. Kd2 Rc3 56. Bd3 c4 57. Bxg6 Rh3 58. Bf5 Rh2+ 59. Kd1 Bf3+ 60. Ke1 d3 61. Rd7 Rxh4 62. g6 Rh1+ 63. Kf2 Bc6 64. Rd6 Rh2+ 65. Ke3 Rh5 66. Be4 Re5 67. Rxc6+ Kb5 68. Rd6 Kb4 69. g7 Re8 70. Rg6 Rg8 71. Bd5 Re8+ 72. Kd2 Re2+ 73. Kd1 c3 74. Rg1 c2+ 75. Kc1 Kc3 76. Rd1 d2+ 77. Rxd2 Re1+ 0-1

[Event "IMSA Blitz Women 2019"]
[Site "Hengshui"]
[Date "2019.05.17"]
[Round "4.1"]
[White "Bodnaruk, Anastasia"]
[Black "Paehtz, Elisabeth"]
[Result "0-1"]
[ECO "B23"]
[WhiteElo "2431"]
[BlackElo "2470"]
[Annotator "ChessBase"]
[PlyCount "90"]
[EventDate "2019.05.17"]
[EventType "blitz"]
[EventCountry "CHN"]
[SourceTitle "playchess.com"]
[Source "ChessBase"]
[SourceQuality "1"]
[TimeControl "180+2"]

1. e4 c5 2. Nc3 a6 3. g3 b5 4. Bg2 Bb7 5. d4 cxd4 6. Qxd4 Nc6 7. Qd2 e6 8. b3 Nf6 9. Bb2 Bb4 10. a3 Ba5 11. b4 Bb6 12. Nge2 Ne5 13. Bc1 Nc4 14. Qd3 Ng4 15. O-O Qf6 16. Qf3 Qxf3 17. Bxf3 Nge5 18. Bg2 Rc8 19. a4 bxa4 20. Nxa4 Ba7 21. h3 d6 22. Rd1 Ke7 23. Nd4 Nb6 24. Nb2 Nbc4 25. b5 a5 26. Nxc4 Nxc4 27. c3 g6 28. Ra4 e5 29. Nc2 Bb6 30. Rd3 f5 31. exf5 Bxg2 32. f6+ Kxf6 33. Kxg2 Ke6 34. Ne3 Bxe3 35. fxe3 e4 36. Rd4 d5 37. b6 Rc6 38. b7 Rb8 39. Rdxc4 Rxc4 40. Rxa5 Rxb7 41. Ba3 Rxc3 42. Ra6+ Kf7 43. g4 Rxe3 44. Bc5 Rc3 45. Ra2 Rxc5 0-1

[Event "IMSA Blitz Women 2019"]
[Site "Hengshui"]
[Date "2019.05.17"]
[Round "4.2"]
[White "Koneru, Humpy"]
[Black "Tan, Zhongyi"]
[Result "1-0"]
[ECO "D37"]
[WhiteElo "2553"]
[BlackElo "2513"]
[Annotator "ChessBase"]
[PlyCount "85"]
[EventDate "2019.05.17"]
[EventType "blitz"]
[EventCountry "CHN"]
[SourceTitle "playchess.com"]
[Source "ChessBase"]
[SourceQuality "1"]
[TimeControl "180+2"]

1. d4 Nf6 2. Nf3 d5 3. c4 e6 4. Nc3 dxc4 5. e4 Bb4 6. Bg5 c5 7. e5 cxd4 8. Nxd4 Qa5 9. exf6 Bxc3+ 10. bxc3 Qxg5 11. fxg7 Qxg7 12. Qd2 Bd7 13. Bxc4 Nc6 14. O-O Nxd4 15. cxd4 Rc8 16. Rac1 Rg8 17. g3 Qg5 18. f4 Qf5 19. d5 h5 20. dxe6 fxe6 21. Rfd1 Rg7 22. Bb5 Qxb5 23. Rxc8+ Bxc8 24. Qd8+ Kf7 25. Qxc8 Qb6+ 26. Kg2 Kf6 27. Qc3+ Kg6 28. Qe5 Qc6+ 29. Kh3 Kh6 30. Rd6 Qc8 31. Rxe6+ Kh7 32. Qe4+ Kg8 33. f5 Qc1 34. Re8+ Kh7 35. f6+ Kh6 36. fxg7 Qf1+ 37. Kh4 Qf6+ 38. Kh3 Qf1+ 39. Qg2 Qf5+ 40. g4 Qd3+ 41. Qg3 Qf1+ 42. Kh4 Qf6+ 43. g5+ 1-0

[Event "IMSA Blitz Women 2019"]
[Site "Hengshui"]
[Date "2019.05.17"]
[Round "4.2"]
[White "Khotenashvili, Bela"]
[Black "Muzychuk, Mariya"]
[Result "1-0"]
[ECO "A45"]
[WhiteElo "2476"]
[BlackElo "2563"]
[Annotator "ChessBase"]
[PlyCount "73"]
[EventDate "2019.05.17"]
[EventType "blitz"]
[EventCountry "CHN"]
[SourceTitle "playchess.com"]
[Source "ChessBase"]
[SourceQuality "1"]
[TimeControl "180+2"]

1. d4 Nf6 2. Nc3 d5 3. Bf4 Bf5 4. e3 e6 5. Nf3 Bd6 6. Ne5 O-O 7. h3 a6 8. g4 Bg6 9. h4 h5 10. g5 Ne4 11. Be2 Nxc3 12. bxc3 Be4 13. Rg1 g6 14. Bxh5 Nd7 15. Bf3 c5 16. Bxe4 dxe4 17. Nxg6 fxg6 18. Bxd6 Rf3 19. dxc5 Qe8 20. Qd4 Qf7 21. Rg2 Rh3 22. O-O-O Rxh4 23. Bg3 Rh7 24. Rh2 Rxh2 25. Bxh2 Nf8 26. Bf4 Rc8 27. Rh1 Nh7 28. Qxe4 Rxc5 29. Qd4 Rd5 30. Qc4 Qd7 31. e4 Ra5 32. Rd1 Qe7 33. Qc8+ Nf8 34. Bd6 Qf7 35. Bxf8 Qf4+ 36. Kb1 Rb5+ 37. Bb4+ 1-0

[Event "IMSA Blitz Women 2019"]
[Site "Hengshui"]
[Date "2019.05.17"]
[Round "5.1"]
[White "Koneru, Humpy"]
[Black "Dzagnidze, Nana"]
[Result "1-0"]
[ECO "D37"]
[WhiteElo "2553"]
[BlackElo "2510"]
[Annotator "ChessBase"]
[PlyCount "49"]
[EventDate "2019.05.17"]
[EventType "blitz"]
[EventCountry "CHN"]
[SourceTitle "playchess.com"]
[Source "ChessBase"]
[SourceQuality "1"]
[TimeControl "180+2"]

1. d4 Nf6 2. c4 e6 3. Nf3 d5 4. Nc3 dxc4 5. e4 Bb4 6. Bg5 c5 7. e5 cxd4 8. Nxd4 Qa5 9. exf6 Bxc3+ 10. bxc3 Qxg5 11. fxg7 Qxg7 12. Qd2 O-O 13. Bxc4 Nd7 14. O-O b6 15. Rae1 Bb7 16. f4 Kh8 17. Re3 Nc5 18. f5 Rg8 19. g3 e5 20. f6 Qh6 21. Nf5 Qh5 22. Rxe5 Rad8 23. Qe3 Rg5 24. Re8+ Rxe8 25. Qxe8+ 1-0

[Event "IMSA Blitz Women 2019"]
[Site "Hengshui"]
[Date "2019.05.17"]
[Round "5.1"]
[White "Harika, Dronavalli"]
[Black "Lei, Tingjie"]
[Result "1-0"]
[ECO "C51"]
[WhiteElo "2492"]
[BlackElo "2507"]
[Annotator "ChessBase"]
[PlyCount "101"]
[EventDate "2019.05.17"]
[EventType "blitz"]
[EventCountry "CHN"]
[SourceTitle "playchess.com"]
[Source "ChessBase"]
[SourceQuality "1"]
[TimeControl "180+2"]

1. e4 e5 2. Nf3 Nc6 3. Bc4 Bc5 4. b4 Bxb4 5. c3 Be7 6. d4 d6 7. O-O Nf6 8. Re1 O-O 9. h3 h6 10. Bd3 Re8 11. Nbd2 Bf8 12. Nf1 g6 13. Ng3 Bg7 14. Qb3 Qe7 15. a4 Rb8 16. Ba3 Bd7 17. Bb5 a6 18. Bxc6 bxc6 19. Qc4 exd4 20. cxd4 Qe6 21. Qxa6 Ra8 22. Qd3 Rxa4 23. Bb2 Qc4 24. Qxc4 Rxc4 25. Ra7 Rc2 26. Bc1 Rc8 27. Bd2 d5 28. e5 Ne8 29. Bb4 Rc4 30. Bc5 Bf8 31. Bxf8 Kxf8 32. Ne2 c5 33. dxc5 Rxc5 34. Nf4 Ng7 35. Rb1 Ne6 36. Nxe6+ Bxe6 37. Nd4 Rc4 38. Rd1 c5 39. Nxe6+ fxe6 40. Rb1 Rb4 41. Rba1 Rcb8 42. R1a6 R8b6 43. Ra3 c4 44. Rf3+ Ke8 45. Rff7 Rb1+ 46. Kh2 Ra6 47. Rac7 Rc6 48. Ra7 Ra6 49. Rae7+ Kd8 50. Rh7 Rc6 51. Reg7 1-0

[Event "IMSA Blitz Women 2019"]
[Site "Hengshui"]
[Date "2019.05.17"]
[Round "5.1"]
[White "Khotenashvili, Bela"]
[Black "Gunina, Valentina"]
[Result "0-1"]
[ECO "A06"]
[WhiteElo "2476"]
[BlackElo "2506"]
[Annotator "RC"]
[PlyCount "108"]
[EventDate "2019.05.17"]
[EventType "blitz"]
[EventCountry "CHN"]
[SourceTitle "playchess.com"]
[Source "ChessBase"]
[SourceQuality "1"]
[TimeControl "180+2"]

1. Nf3 d5 2. g3 c6 3. Bg2 Bg4 4. O-O Nd7 5. d3 Ngf6 6. h3 Bxf3 7. Bxf3 e5 8. Bg2 Bc5 9. Nd2 O-O 10. Nb3 Bd6 11. c4 dxc4 12. dxc4 Qe7 13. Qc2 Rfd8 14. Be3 Nc5 15. Rfd1 Ne6 16. Rd2 c5 17. Re1 Nd4 18. Bxd4 cxd4 19. e3 Bb4 20. exd4 Bxd2 21. Qxd2 Rac8 22. Qe2 e4 23. d5 Qb4 24. Rc1 a5 25. Rc2 b5 26. cxb5 Rxc2 27. Qxc2 Qxb5 28. Bxe4 Nxe4 29. Qxe4 a4 30. Nd4 Qxd5 31. Qxd5 Rxd5 32. Ne2 Rc5 33. a3 Rc2 34. Nc3 Rxb2 35. Nxa4 Ra2 36. Nc5 Rxa3 37. Ne4 h6 38. h4 Kf8 39. Kg2 Ke7 40. Nd2 Ra2 41. Nf3 Kd6 42. Nd4 Ke5 43. Nc6+ Ke4 44. Nd8 Ra7 45. Nc6 Rc7 46. Nb4 Rc4 47. Na6 Kd3 48. Nb8 Rc7 49. Na6 Rc1 50. Nb4+ Ke4 51. Na6 Rc4 52. Nb8 Kd5 53. Nd7 Kd6 54. Nb6 Rb4 0-1

[Event "IMSA Blitz Women 2019"]
[Site "Hengshui"]
[Date "2019.05.17"]
[Round "5.1"]
[White "Paehtz, Elisabeth"]
[Black "Ushenina, Anna"]
[Result "1/2-1/2"]
[ECO "D00"]
[WhiteElo "2470"]
[BlackElo "2442"]
[Annotator "RC"]
[PlyCount "145"]
[EventDate "2019.05.17"]
[EventType "blitz"]
[EventCountry "CHN"]
[SourceTitle "playchess.com"]
[Source "ChessBase"]
[SourceQuality "1"]
[TimeControl "180+2"]

1. d4 d5 2. Bf4 c5 3. e3 Nc6 4. Nf3 Bg4 5. c3 e6 6. Qb3 Qd7 7. Ne5 Nxe5 8. Bxe5 Ne7 9. dxc5 Nc6 10. Bd6 Bxd6 11. cxd6 O-O 12. Qa3 Rfd8 13. Nd2 Qxd6 14. Qxd6 Rxd6 15. f3 Bf5 16. Nb3 Bg6 17. O-O-O Ne7 18. Bd3 Rc6 19. Bxg6 hxg6 20. Rhe1 b5 21. Kb1 a5 22. e4 Rb6 23. Rc1 dxe4 24. Rxe4 Nd5 25. c4 bxc4 26. Rcxc4 Rb4 27. Rxb4 axb4 28. Nc1 Kf8 29. Nd3 Rb8 30. Kc2 Ke7 31. Kb3 f5 32. Rc4 Ne3 33. Rc7+ Kf6 34. g3 g5 35. Rc6 Nf1 36. f4 Nxh2 37. fxg5+ Kxg5 38. Rxe6 Nf1 39. Nxb4 Nxg3 40. a4 f4 41. Kc3 Kf5 42. Rc6 Ne4+ 43. Kc4 Nd2+ 44. Kc3 Ne4+ 45. Kc4 f3 46. Nd3 Ra8 47. b3 f2 48. Nxf2 Nxf2 49. Rc5+ Kf4 50. a5 g5 51. b4 Ne4 52. Rc7 g4 53. Rf7+ Ke3 54. Kd5 g3 55. Rg7 Rd8+ 56. Kc6 Kf4 57. a6 Ng5 58. Re7 g2 59. Re1 Nf3 60. Rb1 Kg3 61. a7 Kf2 62. Rb2+ Nd2 63. Rxd2+ Rxd2 64. a8=Q g1=Q 65. Qa7+ Kf1 66. Qxg1+ Kxg1 67. b5 Rc2+ 68. Kd7 Kf2 69. b6 Ke3 70. b7 Rb2 71. Kc8 Rc2+ 72. Kd7 Rb2 73. Kc8 1/2-1/2

[Event "IMSA Blitz Women 2019"]
[Site "Hengshui"]
[Date "2019.05.17"]
[Round "5.1"]
[White "Krush, Irina"]
[Black "Abdumalik, Zhansaya"]
[Result "1-0"]
[ECO "D86"]
[WhiteElo "2422"]
[BlackElo "2464"]
[Annotator "ChessBase"]
[PlyCount "61"]
[EventDate "2019.05.17"]
[EventType "blitz"]
[EventCountry "CHN"]
[SourceTitle "playchess.com"]
[Source "ChessBase"]
[SourceQuality "1"]
[TimeControl "180+2"]

1. d4 Nf6 2. c4 g6 3. Nc3 d5 4. cxd5 Nxd5 5. e4 Nxc3 6. bxc3 Bg7 7. Bc4 c5 8. Ne2 O-O 9. O-O Nd7 10. Be3 Qc7 11. Rc1 b6 12. f4 Bb7 13. Ng3 e6 14. f5 exf5 15. exf5 Qc6 16. Qd2 Nf6 17. Bg5 Kh8 18. d5 Qd7 19. Bxf6 Bxf6 20. Ne4 Be5 21. f6 Qg4 22. Qh6 Bxh2+ 23. Kxh2 Qh5+ 24. Qxh5 gxh5 25. Nd6 Bc8 26. Nxc8 Raxc8 27. Rce1 Rcd8 28. Re7 a6 29. Bxa6 Rxd5 30. Bc4 Rd6 31. Rxf7 1-0

[Event "IMSA Blitz Women 2019"]
[Site "Hengshui"]
[Date "2019.05.17"]
[Round "5.2"]
[White "Tan, Zhongyi"]
[Black "Kosteniuk, Alexandra"]
[Result "1/2-1/2"]
[ECO "A35"]
[WhiteElo "2513"]
[BlackElo "2546"]
[Annotator "RC"]
[PlyCount "122"]
[EventDate "2019.05.17"]
[EventType "blitz"]
[EventCountry "CHN"]
[SourceTitle "playchess.com"]
[Source "ChessBase"]
[SourceQuality "1"]
[TimeControl "180+2"]

1. c4 c5 2. Nc3 Nc6 3. Nf3 Nf6 4. e3 d5 5. d4 e6 6. a3 a6 7. dxc5 Bxc5 8. b4 Bd6 9. Bb2 O-O 10. Be2 dxc4 11. Bxc4 b5 12. Bd3 Ne5 13. Nxe5 Bxe5 14. O-O Bb7 15. Rc1 Qb8 16. h3 Rd8 17. Qe2 Ra7 18. Rfd1 Ba8 19. Bb1 Rad7 20. Rxd7 Rxd7 21. Rd1 Qb7 22. f3 Qc7 23. Rxd7 Nxd7 24. Qc2 g6 25. Nd1 Qxc2 26. Bxc2 Bd6 27. e4 Ne5 28. Ne3 Nc6 29. Kf2 Kf8 30. Ke2 Ke7 31. Bb3 a5 32. bxa5 Nxa5 33. Bc2 Bc6 34. Bd3 Nb3 35. Nc2 Bc5 36. Nb4 Bd7 37. Nc2 f6 38. Nb4 Nd4+ 39. Kd2 Kd6 40. Nc2 Nb3+ 41. Kc3 Na5 42. Nd4 Bxd4+ 43. Kxd4 e5+ 44. Kc3 Kc5 45. Bc1 Nc6 46. Be3+ Nd4 47. Bb1 Be6 48. Bf2 Bc4 49. Bd3 Be6 50. Bh4 g5 51. Bf2 h5 52. h4 g4 53. fxg4 Bxg4 54. g3 Bf3 55. Be3 Bg4 56. Bh6 Ne2+ 57. Bxe2 Bxe2 58. Bg7 Kd6 59. Bxf6 Ke6 60. Bd8 Bf3 61. Kd3 Bg4 1/2-1/2

[Event "IMSA Blitz Women 2019"]
[Site "Hengshui"]
[Date "2019.05.17"]
[Round "5.2"]
[White "Gunina, Valentina"]
[Black "Khotenashvili, Bela"]
[Result "1-0"]
[ECO "B12"]
[WhiteElo "2506"]
[BlackElo "2476"]
[Annotator "RC"]
[PlyCount "91"]
[EventDate "2019.05.17"]
[EventType "blitz"]
[EventCountry "CHN"]
[SourceTitle "playchess.com"]
[Source "ChessBase"]
[SourceQuality "1"]
[TimeControl "180+2"]

1. e4 c6 2. d4 g6 3. Nc3 d5 4. e5 Bg7 5. Nf3 Nh6 6. h3 O-O 7. Be2 f6 8. O-O Nf7 9. Bf4 e6 10. exf6 Qxf6 11. Qd2 Nd7 12. Rae1 e5 13. dxe5 Ndxe5 14. Nxe5 Nxe5 15. Bg5 Qf5 16. f4 Nc4 17. Bxc4 dxc4 18. Ne4 Be6 19. Be7 Rfe8 20. Bh4 Qd5 21. Qxd5 Bxd5 22. Nf6+ Bxf6 23. Bxf6 Re6 24. Rxe6 Bxe6 25. Rd1 Kf7 26. Be5 Bd5 27. g4 Re8 28. Rf1 Be4 29. c3 Rd8 30. Bd4 a5 31. Re1 Re8 32. Kf2 a4 33. Be5 Bd5 34. a3 Rd8 35. Rd1 Re8 36. h4 h6 37. Re1 Rd8 38. Kg3 Be6 39. Bd4 Re8 40. Rf1 Bd7 41. Be5 Be6 42. f5 gxf5 43. gxf5 Rg8+ 44. Kf4 Bd5 45. Bd4 Rg4+ 46. Kxg4 1-0